Map: Abyssal Reef LE

Players

Dayshi - Winner!

  • Race: Terran Terran
  • Spawn Location: 11:00

MythiC

  • Race: Terran Terran
  • Spawn Location: 5:00

Event: WCS Valencia 2017

VOD

Have the link to the VOD?

Description

Time

  • Played on: July 13, 2017, 6:18 a.m.
  • Length: 13:04

All games in this series

Show
View Real Time Build Order
Export as new Build Order

Dayshi Terran - Winner!

Build Orders: 1/1/1, Cyclone Opening, Bio Tank 

Get SALT Encoding   

  12  0:01  SCV  
  13  0:13  SCV  
  14  0:17  Supply Depot  
  14  0:25  SCV  
  15  0:29  Refinery  
  15  0:38  SCV  
  16  0:46  Barracks  
  16  0:51  SCV  
  17  0:58  Refinery  
  17  1:03  SCV  
  18  1:18  SCV  
  19  1:33  Orbital Command  
  19  1:34  Reaper  
  19  1:37  Factory  
  20  1:48  Supply Depot  
  20  2:01  SCV  
  21  2:06  Reaper  
  22  2:13  SCV  
  23  2:20  Cyclone  
  23  2:22  Starport  
  26  2:28  Supply Depot  
  26  2:31  SCV  
  27  2:39  Barracks Tech Lab  
  27  2:43  SCV  
  28  3:03  Cloaking Field  
  28  3:04  Banshee  
  31  3:09  SCV  
  31  3:29  SCV  
  31  3:32  Marine, Cyclone  
  36  3:34  Command Center  
  36  3:37  Supply Depot  
  36  3:42  SCV  
  37  3:49  Supply Depot  
  37  3:54  Supply Depot  
  37  3:58  SCV  
  38  4:05  Barracks Reactor  
  38  4:10  SCV, Raven  
  41  4:22  SCV  
  42  4:30  Factory Tech Lab  
  42  4:39  SCV  
  42  4:42  Marine x2  
  42  4:44  Barracks  
  42  4:45  Barracks  
  42  4:55  Siege Tank  
  42  4:56  SCV  
  46  5:05  Marine x2  
  48  5:08  SCV  
  48  5:09  Orbital Command  
  49  5:20  SCV  
  50  5:27  Supply Depot  
  50  5:28  Engineering Bay  
  50  5:29  Starport Reactor  
  50  5:30  Marine  
  50  5:31  Stimpack  
  50  5:33  Barracks Reactor  
  51  5:35  SCV  
  52  5:44  Siege Tank  
  52  5:49  SCV x2  
  57  5:52  Marine  
  58  6:01  SCV  
  58  6:09  Marine  
  58  6:10  Marine  
  60  6:12  SCV  
  60  6:13  SCV, Refinery  
  60  6:14  Viking x2  
  60  6:17  Refinery  
  62  6:19  Supply Depot  
  62  6:24  SCV  
  59  6:25  SCV  
  59  6:27  Marine x2  
  62  6:37  Marine x3  
  65  6:41  Siege Tank  
  65  6:43  SCV x2  
  70  6:51  Terran Infantry Weapons Level 1  
  70  6:54  Marine x2  
  70  6:55  Marine x2  
  70  6:57  SCV  
  70  6:58  SCV  
  76  7:03  Supply Depot  
  76  7:04  Marine  
  77  7:10  SCV  
  77  7:12  Marine  
  79  7:18  SCV  
  79  7:19  Marine x3  
  79  7:21  Siege Tank  
  86  7:23  SCV  
  83  7:31  Medivac x2  
  83  7:32  Marine x2  
  83  7:36  Combat Shields  
  89  7:38  SCV  
  89  7:41  SCV  
  88  7:46  Marine  
  88  7:47  Marine x2  
  91  7:53  Marine  
  91  7:55  SCV x2  
  94  7:59  Siege Tank  
  87  8:08  Marine x4  
  86  8:18  Command Center  
  86  8:19  SCV x2  
  88  8:23  Marine  
  88  8:25  Supply Depot  
  88  8:26  Medivac  
  91  8:31  Medivac  
  93  8:36  SCV  
  94  8:46  Terran Infantry Armor Level 1, SCV  
  94  8:47  Marine x2  
  94  8:48  Marine  
  98  8:49  SCV  
  98  8:50  Siege Tank  
  97  8:57  Supply Depot  
  97  8:58  SCV  
  97  9:02  Marine x2  
  98  9:13  Marine  
  98  9:14  Marine x2  
  100  9:19  Marine  
  100  9:20  Marine  
  100  9:22  Siege Tank  
  89  9:31  Marine  
  89  9:32  Marine x2  
  89  9:34  Orbital Command  
  89  9:37  Marine  
  89  9:38  Marine  
  94  9:39  Barracks  
  94  9:41  Barracks  
  94  9:45  Medivac x2  
  95  9:49  Marine x2  
  95  9:50  Marine  
  100  9:53  Orbital Command  
  102  10:03  SCV x2  
  102  10:06  Armory  
  103  10:07  Marine, Engineering Bay  
  103  10:13  Siege Tank  
  105  10:15  Medivac x2  
  109  10:25  Marine x5  
  111  10:29  SCV x2  
  111  10:31  Barracks Reactor x2  
  112  10:36  SCV  
  111  10:43  Marine x3  
  111  10:45  Medivac  
  116  10:52  Marine x2  
  116  10:56  Siege Tank  
  121  11:00  Marine  
  121  11:02  Marine  
  121  11:03  Marine  
  117  11:06  Medivac  
  117  11:09  Marine x2  
  117  11:10  Marine x4  
  124  11:14  Supply Depot x2  
  124  11:18  Marine  
  125  11:28  Marine x2, Medivac  
  122  11:33  Marine  
  122  11:34  Marine x3  
  122  11:35  Marine  
  122  11:36  Marine x2  
  122  11:38  Siege Tank  
  130  11:46  Marine x2, SCV x3  
  119  11:51  Marine  
  113  11:57  Marine  
  113  11:58  Marine x3, SCV x3  
  113  11:59  Medivac x2  
  124  12:02  Marine x2  
  124  12:03  Marine  
  125  12:10  SCV x2  
  125  12:11  SCV  
  127  12:16  Marine x5  
  127  12:21  Siege Tank  
  127  12:22  SCV  
  136  12:23  SCV  
  136  12:25  Marine x4  
  136  12:28  Supply Depot  
  136  12:29  Medivac x2  
  136  12:30  Supply Depot  
  136  12:41  Marine  
  136  12:42  Marine x5  
  136  12:43  Marine  
Show
View Real Time Build Order
Export as new Build Order

MythiC Terran 

Build Orders: 1/1/1, Cyclone Opening, MMM Bio 

Get SALT Encoding   

  12  0:03  SCV  
  13  0:15  SCV  
  13  0:19  Supply Depot  
  14  0:27  SCV  
  15  0:31  Refinery  
  15  0:41  SCV  
  16  0:45  Barracks  
  16  0:53  SCV  
  17  0:57  Refinery  
  17  1:05  SCV  
  18  1:17  SCV  
  19  1:32  Orbital Command, Reaper  
  20  1:38  Factory  
  20  1:46  Supply Depot  
  20  1:58  SCV  
  21  2:04  Reaper  
  22  2:10  SCV  
  23  2:22  SCV  
  24  2:23  Cyclone, Starport  
  27  2:32  Supply Depot  
  27  2:34  SCV  
  28  2:37  Barracks Tech Lab  
  28  2:46  SCV  
  29  2:55  Hellion  
  32  2:58  SCV  
  32  3:07  Raven  
  32  3:10  SCV  
  35  3:19  Barracks Reactor  
  36  3:22  SCV  
  36  3:24  Marine  
  35  3:28  Cyclone  
  37  3:35  SCV  
  38  3:43  Command Center  
  37  3:57  Viking  
  37  4:01  SCV  
  38  4:12  Supply Depot  
  38  4:13  SCV, Factory Tech Lab  
  38  4:15  Barracks Reactor  
  37  4:25  SCV  
  36  4:37  SCV  
  34  4:40  Raven  
  34  4:45  Supply Depot  
  36  4:49  SCV  
  37  4:54  Marine x2  
  39  5:01  SCV  
  39  5:04  Siege Tank  
  42  5:13  SCV  
  43  5:14  Marine  
  43  5:15  Marine  
  45  5:26  SCV  
  45  5:28  Barracks  
  46  5:30  Barracks  
  47  5:38  SCV, Starport Reactor  
  47  5:41  Orbital Command  
  47  5:50  SCV  
  48  5:58  Marine  
  48  6:00  Engineering Bay  
  48  6:02  SCV  
  46  6:14  SCV x2  
  48  6:21  Barracks Reactor, Marine  
  48  6:22  Stimpack  
  49  6:26  SCV x2  
  49  6:28  Marine x2  
  49  6:29  Siege Tank  
  49  6:31  Refinery  
  49  6:32  Starport Reactor  
  56  6:38  SCV, Terran Infantry Weapons Level 1  
  57  6:40  SCV  
  57  6:41  Marine  
  57  6:42  Marine x2  
  57  6:46  Supply Depot  
  61  6:52  Marine  
  61  6:53  Marine  
  64  6:54  SCV x2  
  64  6:59  Marine  
  66  7:03  Supply Depot  
  66  7:06  SCV x2  
  66  7:07  Marine x2  
  69  7:09  Medivac  
  69  7:13  Marine  
  69  7:14  Liberator, Marine  
  73  7:17  Marine  
  73  7:18  SCV x2  
  70  7:25  Marine x2  
  70  7:29  Siege Tank  
  75  7:30  SCV  
  75  7:31  Marine x2  
  75  7:35  Marine  
  82  7:37  SCV  
  82  7:42  SCV, Marine x2  
  84  7:47  Refinery, Supply Depot  
  84  7:49  SCV, Supply Depot  
  74  7:53  Marine x2  
  74  7:54  SCV  
  74  7:55  Marine  
  78  8:00  Marine  
  78  8:02  SCV  
  77  8:08  Marine  
  77  8:09  Siege Tank  
  77  8:11  Marine  
  81  8:16  Medivac x2, Supply Depot  
  85  8:20  Marine x2  
  85  8:21  Marine  
  85  8:22  Combat Shields  
  85  8:26  Marine  
  89  8:29  Marine  
  90  8:36  Supply Depot  
  89  8:42  Siege Tank  
  89  8:43  Marine x2  
  89  8:48  Marine x3  
  93  8:54  SCV  
  91  8:56  Medivac x2  
  91  9:00  Marine x2  
  97  9:06  Marine x3  
  95  9:12  SCV  
  81  9:18  Marine x2  
  81  9:23  Marine x2  
  81  9:24  Marine  
  73  9:29  SCV  
  73  9:30  SCV  
  65  9:36  Marine x2  
  67  9:41  Marine  
  67  9:45  Marine x2  
  68  9:50  SCV x2  
  69  10:02  SCV x2  
  71  10:12  Command Center  
  71  10:14  Marine x2, SCV  
  71  10:15  Terran Infantry Armor Level 1  
  73  10:24  Marine x3  
  73  10:25  Siege Tank  
  73  10:32  Marine x2  
  75  10:37  Missile Turret  
  75  10:38  Missile Turret  
  75  10:41  Marine  
  76  10:44  Armory  
  76  10:45  SCV x2  
  78  10:51  Marine x3  
  80  10:58  SCV  
  80  11:00  SCV  
  80  11:02  Marine x2  
  82  11:08  Marine  
  82  11:09  Marine  
  82  11:10  Siege Tank  
  87  11:16  Supply Depot  
  87  11:21  Engineering Bay  
  80  11:26  Marine x2  
  80  11:29  Marine  
  71  11:33  Marine  
  65  11:41  Marine  
  65  11:44  Marine  
  65  11:46  Marine  
  62  11:47  Medivac  
  62  11:50  Marine  
  53  11:59  Marine  
  53  12:01  Medivac  
  50  12:02  Marine  
  50  12:04  Marine  
  50  12:08  SCV x2, Marine  
  53  12:17  Marine  
  53  12:20  Marine  
  53  12:22  Marine  
  56  12:27  Marine  
  57  12:35  Marine  
  57  12:36  SCV x2  
  60  12:37  Marine  
  60  12:40  Marine  
  62  12:45  Marine, Starport Reactor  
  62  12:50  SCV x2  
Tags
 
Add a new tag
Caveats
  • Supply blocks, unpowered buildings, or Contaminate may cause inaccurate times.
  • Supply counts are checked every 10 seconds.